 Dungeon Crawl Stone Soup version 0.28-a0-664-gc179e30c89 (webtiles) character file.

Game seed: 1145630495275941533

18 Sabo the Shield-Bearer (level 2, 23/27 HPs)
             Began as a Deep Dwarf Fighter on Oct 16, 2021.
             Was a Follower of Sif Muna.
             Got out of the dungeon alive.
             The game lasted 00:05:04 (633 turns).

Sabo the Shield-Bearer (Deep Dwarf Fighter)          Turns: 633, Time: 00:05:05

Health: 23/27      AC:  8    Str: 19    XL:     2   Next: 48%
Magic:  0/0        EV:  9    Int:  8    God:    Sif Muna [*.....]
Gold:   58         SH:  4    Dex: 12    Spells: 1/1 levels left

rFire   . . .      SeeInvis .   a - +0 war axe
rCold   . . .      Faith    .   c - +0 buckler
rNeg    . . .      Spirit   .   b - +0 scale mail
rPois   .          Reflect  .   (no helmet)
rElec   .          Harm     .   (no cloak)
rCorr   .          Rampage  .   i - +0 pair of gloves
Will    .....                   (no boots)
Stlth   ..........              (no amulet)
HPRegen 0.00/turn               (no ring)
MPRegen 0.07/turn               (no ring)

@: no status effects
A: damage resistance, heal wounds, sense surroundings 1, no regeneration
a: Heal Wounds, Renounce Religion, Channel Magic


You escaped.
You worshipped Sif Muna.
Sif Muna was aware of your devotion.
You visited 1 branch of the dungeon, and saw 1 of its levels.

You collected 58 gold pieces.

Inventory:

Hand Weapons
 a - a +0 war axe (weapon)
Armour
 b - a +0 scale mail (worn)
 c - a +0 buckler (worn)
 i - a +0 pair of gloves (worn)
Scrolls
 e - 3 scrolls of identify {unknown}
 f - a scroll of amnesia {unknown}
 g - a scroll of magic mapping {unknown}
 j - a scroll of teleportation {unknown}
Potions
 d - a potion of might
 h - a potion of magic {unknown}


   Skills:
 + Level 2.9 Fighting
 + Level 2.5 Axes
 + Level 3.4 Armour
 + Level 3.7 Shields


You had one spell level left.
You didn't know any spells.
Your spell library was empty.

Dungeon Overview and Level Annotations

Branches:
Dungeon (1/15)

Altars:
Sif Muna


Innate Abilities, Weirdness & Mutations

You are resistant to damage.
You can heal yourself by infusing magical energy.
You passively map a small area around you.
You do not regenerate.


Message History

You open the door.
There is an open door here.
There is an open door here.
Found 13 gold pieces.
You now have 58 gold pieces (gained 13).
You open the door.
Found a faded altar of an unknown god.
There is an open door here.
You open the door.
There is an open door here.
There is a faded altar of an unknown god here.
You cannot tell which god this altar belongs to.
Convert to them anyway?
Sif Muna accepts your prayer! Sif Muna welcomes you!
You can now call upon Sif Muna for magical energy.
You open the door.
There is an open door here.
You open the door.
There is an open door here.
Found a scroll labelled ZURHAN YLOEHI.
Okay, then.
Unknown command.
Okay, then.
e - 3 scrolls labelled ZURHAN YLOEHI (gained 1)
There is a stone staircase leading down here.
You see here a ball python corpse.
You open the door.
There is an open door here.
There is an open door here.
There is an open door here.
As you open the door, it creaks loudly!
There is an open door here.
You open the door.
There is an open door here.
There is an open door here.
There is a staircase leading out of the dungeon here.
You can't go down here!
There is a staircase leading out of the dungeon here.
Are you sure you want to leave the Dungeon?
This will make you lose the game!
You have escaped!

#.#.# ##....############......
#.#.######.#...#### #.####.
,*#.#.#...##.###....## #.# #.
###.#.#.......##.##..# #.# #.
..#.#.#..###'###)###.######.#
#.
...............#.#.....'.##.#
#.
..######.#'#.#######.#+#....#
#. .## #.'.#.#.....#.#...##.#
## .# ###.#.#..@..#.#.####.#
.# #.#'#..>..#'#.##...# >#
###.#.#.....#.#.#..### .#
#...#.#.....'.#....####### .#
###.#+#.#####+#.#+#..#......
.# #...'.....#
+.....÷.....#### .#
#.#####'###+###.###..#..#
.#####.####...##...#.###..#..#
†........##.#.^...........#..#


There were no monsters in sight!

Vanquished Creatures
  2 ball pythons (D:1)
  A bat (D:1)
  4 endoplasms (D:1)
  A giant cockroach (D:1)
  2 goblins (D:1)
  A hobgoblin (D:1)
  2 kobolds (D:1)
  2 rats (D:1)
15 creatures vanquished.

Notes
Turn   | Place    | Note
-------+----------+-------------------------------------------
     0 | D:1      | Sabo the Deep Dwarf Fighter began the quest for the Orb.
     0 | D:1      | Reached XP level 1. HP: 20/20 MP: 1/1
   110 | D:1      | Reached XP level 2. HP: 24/27 MP: 1/1
   484 | D:1      | Found a faded altar of an unknown god.
   504 | D:1      | Prayed at the altar of an unknown god.
   504 | D:1      | Became a worshipper of Sif Muna the Loreminder
   504 | D:1      | Reached * piety under Sif Muna
   633 | D:$      | Got out of the dungeon alive.

Illustrated notes

Levels and vault maps discovered:
D:1:      shiori_arrival_maze, layout_loops_ring,
          shapermc_ecumenical_altar_ellora

Action                   || total
-------------------------++-------
Melee: War axe           ||    33
 Abil: Heal Wounds       ||     2
Armor: Scale mail        ||    22
Dodge: Dodged            ||    11
Block: Buckler           ||     5

Table legend: (Time is in decaauts)
 A = Elapsed time spent in this place.
 B = Non-inter-level travel time spent in this place.
 C = Inter-level travel time spent in this place.
 D = Time resting spent in this place.
 E = Time spent auto-exploring this place.
 F = Levels seen in this place.
 G = Mean time per level.
                   A        B        C        D        E       F      G
               +--------+--------+--------+--------+--------+-----+--------+
         Total |    646 |    646 |      0 |      0 |      0 |   1 |  646.0 |
       Dungeon |    646 |    646 |      0 |      0 |      0 |   1 |  646.0 |
               +--------+--------+--------+--------+--------+-----+--------+

Top non-repeatable levels by time:
     D:1: 646 daAuts
